 Dungeon Crawl Stone Soup version 0.31-a0-1540-g5a0b83f448 (webtiles) character file.

Game seed: 9760758137476310085

73 voltaire321 the Apothecary (level 4, -4/32 HPs)
             Began as a Demonspawn Alchemist on Jan 1, 2024.
             Slain by a phantom (6 damage)
             ... on level 3 of the Dungeon.
             The game lasted 00:05:51 (2521 turns).

voltaire321 the Apothecary (Demonspawn Alchemist)   Turns: 2521, Time: 00:05:51

Health: -4/32      AC:  6    Str: 11    XL:     4   Next: 8%
Magic:  4/7        EV: 12    Int: 15    God:
Gold:   112        SH:  0    Dex: 13    Spells: 2/7 levels left

rFire   . . .        q - +0 morningstar
rCold   . . .        (no shield)
rNeg    . . .        n - +2 robe {Will+}
rPois   .            (helmet restricted)
rElec   .            i - +0 cloak
rCorr   .            (no gloves)
SInv    .            (no boots)
Will    +....        (no amulet)
Stlth   ++           (no ring)
HPRegen 0.25/turn    (no ring)
MPRegen 0.10/turn

%: no passive effects
@: no status effects
A: antennae 1, rugged brown scales 1
a: no special abilities


You were on level 3 of the Dungeon.
You visited 1 branch of the dungeon, and saw 4 of its levels.

You collected 112 gold pieces.

Inventory:

Hand Weapons
 q - a +0 morningstar (weapon)
Armour
 i - a +0 cloak (worn)
 n - a +2 robe of willpower (worn)
Jewellery
 d - an amulet of guardian spirit
Scrolls
 a - a scroll of fear {unknown}
 e - a scroll of teleportation {unknown}
 f - a scroll of noise {unknown}
 g - a scroll of identify {unknown}
 k - 3 scrolls of fog {unknown}
 l - a scroll of enchant weapon {unknown}
 o - a scroll of immolation {unknown}
Potions
 b - 3 potions of magic
 c - a potion of might {unknown}
 h - a potion of invisibility {unknown}
 j - a potion of lignification {unknown}
 m - a potion of haste {unknown}


   Skills:
 + Level 1.2 Fighting
 + Level 1.0 Armour
 + Level 2.2 Dodging
 - Level 1.7 Stealth
 + Level 2.4 Spellcasting
 + Level 1.8 Conjurations
 + Level 3.4 Alchemy


You had 2 spell levels left.
You knew the following spells:

 Your Spells              Type           Power      Damage    Failure   Level
a - Sting                 Conj/Alch      36%        1d5       8%          1
b - Mercury Vapours       Alch/Air       12%        N/A       16%         2
c - Searing Ray           Conj           14%        2d5       16%         2

Your spell library contained the following spells:

 Spells                   Type           Power      Damage    Failure   Level
 Magic Dart               Conj           28%        1d4       10%         1
 Necrotise                Necr           4%         1d4       22%         1
 Lesser Beckoning         Tloc           2%         N/A       32%         2
 Mephitic Cloud           Conj/Alch/Air  7%         N/A       30%         3
 Olgreb's Toxic Radiance  Alch           12%        N/A       45%         4
 Gell's Gravitas          Tloc           1%         N/A       54%         3
 Teleport Other           Tloc           1%         N/A       54%         3
 Vampiric Draining        Necr           1%         2d6       54%         3
 Fulminant Prism          Conj/Alch      4%         3d5       58%         4
 Sticky Flame             Fire/Alch      6%         2d4       71%         4
 Martyr's Knell           Necr/Summ      1%         N/A       91%         4
 Curse of Agony           Necr           1%         N/A       99%         5


Dungeon Overview and Level Annotations

Branches:
Dungeon (4/15)
 Temple: D:4-7

Altars:

Annotations:
D:1 1 transporter
D:3 Natasha


Innate Abilities, Weirdness & Mutations

You have a pair of small antennae on your head.
You are partially covered in rugged brown scales. (AC +1, +3% HP)


Message History

Aiming: Sting (safe; 8% risk of failure)
Press: ? - help, Q - select action, (/) - cycle Shift-Dir - straight line, f/p - Natasha
Aim: Natasha (moderately wounded, poisoned, 60% to hit)
The sting hits the phantom but does no damage.
The phantom is lightly damaged.
The cerulean imp closely misses you. The phantom hits you.
The phantom blinks!
You blink.
You miss the phantom.
The phantom is lightly damaged.
The phantom hits you.
You miss the phantom.
The phantom is lightly damaged.
The phantom barely misses you. x2
You miss the phantom.
The phantom is lightly damaged.
Natasha looks more healthy.
The phantom hits you. Natasha claws you.
You barely miss Natasha.
Natasha is heavily wounded.
The cerulean imp hits you from afar with a +1 spear.
The phantom hits you. Natasha barely misses you.
The cerulean imp hits you from afar with a +1 spear.
The phantom completely misses you.
Your magical contamination has completely faded away.
You closely miss Natasha.
Natasha is heavily wounded.
Natasha stares at you and mumbles some strange words.
The magic dart hits you.
The cerulean imp hits you but does no damage.
The phantom closely misses you. Natasha closely misses you.
You closely miss Natasha.
Natasha is heavily wounded.
The cerulean imp hits you from afar with a +1 spear.
* * * LOW HITPOINT WARNING * * *
The phantom hits you but does no damage.
Natasha claws you.
* * * LOW HITPOINT WARNING * * *
The cerulean imp hits you from afar with a +1 spear.
* * * LOW HITPOINT WARNING * * *
The phantom hits you.
You die...

#..........
#..........
#..........
#..........
#..........
##.......... #....#
###########....#######
#...W@h5J.'...........
#.#########........^.#
........>.....#
.##...........#
#.####......# #.
#......# #. #......#
.. .......# .W...###


You could see a phantom, Natasha, a cerulean imp (summoned) and an endoplasm.

Vanquished Creatures
  2 adders
  3 dart slugs
  A ribbon worm (D:2)
  An orc (D:4)
  3 ball pythons
  4 endoplasms
  3 goblins
  5 hobgoblins
  6 jackals
  3 quokkas
  2 bats
  3 frilled lizards
  5 kobolds
  4 rats
45 creatures vanquished.

Notes
Turn   | Place    | Note
-------+----------+-------------------------------------------
     0 | D:1      | voltaire321 the Demonspawn Alchemist began the quest for
                  | the Orb.
     0 | D:1      | Reached XP level 1. HP: 13/13 MP: 3/3
   353 | D:1      | Gained mutation: You are partially covered in rugged brown
                  | scales. (AC +1, +3% HP) [demonic ancestry]
   353 | D:1      | Reached XP level 2. HP: 10/19 MP: 1/5
  1357 | D:2      | Reached XP level 3. HP: 25/25 MP: 3/6
  1875 | D:2      | Reached skill level 1 in Fighting
  2069 | D:2      | Learned a level 2 spell: Mercury Vapours
  2072 | D:2      | Learned a level 2 spell: Searing Ray
  2240 | D:2      | Reached skill level 1 in Armour
  2287 | D:2      | Found a faded altar of an unknown god.
  2290 | D:2      | You fall into a shaft and drop 2 floors!
  2438 | D:4      | Gained mutation: You have a pair of small antennae on your
                  | head. [demonic ancestry]
  2438 | D:4      | Reached XP level 4. HP: 32/32 MP: 3/7
  2497 | D:3      | Noticed a phantom
  2501 | D:3      | Noticed Natasha
  2521 | D:3      | Slain by a phantom

Illustrated notes

Levels and vault maps discovered:
D:1:      spicycebolla_arrival_risky_transporter, layout_basic,
          minmay_door_square, chequers_big_river
D:2:      layout_basic, hellmonk_ecumenical_altar_leap_of_faith
D:3:      layout_basic, nicolae_gozag_cash_rules_everything_around_me,
          mainiacjoe_overflow_24_doors, dk_noncrumbling_2,
          minmay_misc_feat_nine_boxes, solitary_fountain, uniq_natasha
D:4:      layout_loops_corners, bloody_makhleb, uniq_grinder

Skill      XL: |  1  2  3 |
---------------+----------+-----
Dodging        | 2 |  2.2
Fighting       | 1 |  1.2
Armour         | 1 |  1.0
Stealth        | |  1.7
Spellcasting   | |  2.4
Conjurations   | |  1.8
Alchemy        | |  3.4

Action                     |  1- 3 |  4- 6 || total
---------------------------+-------+-------++-------
  Melee: Dagger            |    42 |       ||    42
         Morningstar       |    19 |    10 ||    29
   Cast: Sting             |    70 |     3 ||    73
 Armour: Robe              |    37 |    19 ||    56
  Dodge: Dodged            |    46 |    14 ||    60

Table legend: (Time is in decaauts)
 A = Elapsed time spent in this place.
 B = Non-inter-level travel time spent in this place.
 C = Inter-level travel time spent in this place.
 D = Time resting spent in this place.
 E = Time spent auto-exploring this place.
 F = Levels seen in this place.
 G = Mean time per level.
                   A        B        C        D        E       F      G
               +--------+--------+--------+--------+--------+-----+--------+
         Total |   2546 |   2487 |     59 |    592 |   1355 |   4 |  636.5 |
       Dungeon |   2546 |   2487 |     59 |    592 |   1355 |   4 |  636.5 |
               +--------+--------+--------+--------+--------+-----+--------+

Top non-repeatable levels by time:
     D:1: 1241 daAuts
     D:2: 1066 daAuts
     D:4: 209 daAuts
     D:3: 28 daAuts
